 Dungeon Crawl Stone Soup version 0.32-a0-163-g159c032296 (webtiles) character file.

Game seed: 13287892662140752245

68 promet the Sneak (level 4, -4/30 HPs)
             Began as an Octopode Brigand on Feb 11, 2024.
             Slain by a gnoll
             ... wielding a +0 flail
              (8 damage)
             ... on level 3 of the Dungeon.
             The game lasted 00:14:57 (2044 turns).

promet the Sneak (Octopode Brigand)                 Turns: 2044, Time: 00:14:58

Health: -4/30      AC:  1    Str: 10    XL:     4   Next: 19%
Magic:  4/4        EV: 12    Int: 13    God:
Gold:   117        SH:  0    Dex: 15    Spells: 3/3 levels left

rFire   . . .        a - +2 dagger
rCold   . . .        (no shield)
rNeg    . . .        (helmet restricted)
rPois   .            (no amulet)
rElec   .            (no ring)
rCorr   .            (no ring)
SInv    .            (no ring)
Will    .....        (no ring)
Stlth   ++++         (no ring)
HPRegen 0.25/turn    (no ring)
MPRegen 0.09/turn    (no ring)
                     (no ring)

%: no passive effects
@: about to teleport, weak-willed
A: almost no armour, amphibious, 8 rings, camouflage 1, gelatinous body 1,
(nimble swimmer 1), tentacles
a: no special abilities


You were on level 3 of the Dungeon.
You visited 1 branch of the dungeon, and saw 3 of its levels.

You collected 117 gold pieces.

Inventory:

Hand Weapons
 a - a +2 dagger (weapon)
 b - a +0 long sword
Missiles
 c - 3 curare-tipped darts
 f - 8 stones
 l - 12 poisoned darts (quivered)
Magical Staves
 g - a staff of death
Jewellery
 d - an amulet of faith
Scrolls
 h - 2 scrolls of amnesia
 k - 2 scrolls of noise
 o - a scroll of teleportation
Potions
 e - 2 potions of berserk rage {unknown}
 j - a potion of might
 n - 2 potions of lignification


   Skills:
 * Level 2.7 Fighting
 + Level 2.3 Short Blades
 + Level 2.1 Throwing
 + Level 1.0 Dodging
 + Level 6.8 Stealth


You had 3 spell levels left.
You didn't know any spells.
Your spell library was empty.

Dungeon Overview and Level Annotations

Branches:
Dungeon (3/15)

Altars:


Innate Abilities, Weirdness & Mutations

You cannot wear most types of armour.
You are amphibious.
You can wear up to eight rings at the same time.
Your skin changes colour to match your surroundings (Stealth+).
Your rubbery body absorbs attacks. (AC +1, EV +1)
((You are camouflaged when in or above water. (Stealth+)))
You have tentacles for arms and can constrict up to eight enemies at once.


Message History

You hit the gnoll.
The gnoll is heavily wounded.
You constrict the gnoll. The gnoll hits you with a +0 whip.
You hit the gnoll. You squeeze the gnoll.
You kill the gnoll!
You start resting.
There are monsters nearby!
There are monsters nearby!
l - 12 poisoned darts (gained 1)
Things that are here:
a +0 whip; a gnoll corpse
There is a stone staircase leading down here.
You see here a poisoned dart.
Things that are here:
a +0 whip; a gnoll corpse
Things that are here:
a +0 hand axe; an orc corpse You see here a staff of death.
g - a staff of death You see here a +0 scale mail.
You see here a +0 scale mail.
The gnoll attacks as it pursues you! The gnoll misses you.
The gnoll attacks as it pursues you! The gnoll hits you with a +0 flail.
The orc shouts!
The orc priest shouts!
The gnoll attacks as it pursues you! The gnoll completely misses you.
The gnoll attacks as it pursues you! The gnoll barely misses you.
As you read the scroll labelled XIOKHLA XUHIU, it crumbles to dust.
A wave of despondency washes over your surroundings.
It was a scroll of vulnerability.
The orc barely misses you.
The gnoll hits you from afar with a +0 spear.
As you read the scroll labelled KOFIV IDOROGG, it crumbles to dust.
You feel strangely unstable.
It was a scroll of teleportation.
The orc closely misses you.
The orc priest hits you with a +0 hand axe!
The gnoll hits you with a +0 flail!
* * * LOW HITPOINT WARNING * * *
The gnoll barely misses you. The orc attacks as it pursues you!
The orc closely misses you. The gnoll hits you with a +0 flail!
You die...

.........# #.#.####......†..!###
.........# #.#...............#
.........####..........#.####.#
.[.........................##.#
.................###.########.#
.................##..# #.#
...!...........g.##.## #.#
.................g..#########.#
................@oo...........#
.................o.........####
...##.............<........#
...####.####..##...÷............
!..# #.# #...##................
#.##.......................
#.##.......................
#................#######
.....###########


You could see an orc priest (weak-willed), 2 gnolls and 2 orcs.

Vanquished Creatures
  3 adders
  A gnoll (D:3)
  2 orcs (D:3)
  3 ball pythons
  2 endoplasms
  A giant cockroach (D:3)
  5 hobgoblins
  3 quokkas
  3 bats
  3 frilled lizards
  3 kobolds
  2 rats
31 creatures vanquished.

Notes
Turn   | Place    | Note
-------+----------+-------------------------------------------
     0 | D:1      | promet the Octopode Brigand began the quest for the Orb.
     0 | D:1      | Reached XP level 1. HP: 14/14 MP: 1/1
   442 | D:1      | Reached XP level 2. HP: 19/19 MP: 2/2
   847 | D:2      | Reached skill level 6 in Stealth
   867 | D:2      | Reached XP level 3. HP: 23/25 MP: 3/3
  1111 | D:2      | Found a faded altar of an unknown god.
  1919 | D:3      | Reached XP level 4. HP: 30/30 MP: 4/4
  2044 | D:3      | Slain by a gnoll

Illustrated notes

Levels and vault maps discovered:
D:1:      dpeg_arrival_pits, layout_basic, grunt_decor_junction
D:2:      layout_loops_ring, chequers_ecumenical_altar_simple_redux
D:3:      layout_basic

Skill      XL: |  1  2 |
---------------+-------+-----
Stealth        | 6 |  6.8
Fighting       | |  2.7
Short Blades   | |  2.3
Throwing       | |  2.1
Dodging        | |  1.0

Action                     |  1- 3 |  4- 6 || total
---------------------------+-------+-------++-------
  Melee: Dagger            |    43 |     7 ||    50
         Constrict         |     6 |     2 ||     8
         Tentacles         |     5 |     2 ||     7
         Long sword        |     1 |       ||     1
  Throw: Dart              |     3 |     2 ||     5
    Use: Scroll            |     8 |     2 ||    10
   Stab: Sleeping          |    16 |       ||    16
 Armour: Skin              |    13 |     7 ||    20
  Dodge: Dodged            |     9 |    11 ||    20

Table legend: (Time is in decaauts)
 A = Elapsed time spent in this place.
 B = Non-inter-level travel time spent in this place.
 C = Inter-level travel time spent in this place.
 D = Time resting spent in this place.
 E = Time spent auto-exploring this place.
 F = Levels seen in this place.
 G = Mean time per level.
                   A        B        C        D        E       F      G
               +--------+--------+--------+--------+--------+-----+--------+
         Total |   2037 |   1980 |     57 |    207 |    654 |   3 |  679.0 |
       Dungeon |   2037 |   1980 |     57 |    207 |    654 |   3 |  679.0 |
               +--------+--------+--------+--------+--------+-----+--------+

Top non-repeatable levels by time:
     D:1: 783 daAuts
     D:3: 659 daAuts
     D:2: 593 daAuts
